 Dungeon Crawl Stone Soup version 0.26.1-15-g04117e645d (webtiles) character file.

Game seed: 12125538659845329126

106224 tkbsonic5 the Fighter (level 15, -11/127 (133) HPs)
             Began as a Palentonga Berserker on Jan 3, 2023.
             Was a High Priest of Trog.
             Mangled by an orc warlord
             ... wielding a +3 great mace of draining
              (14 damage)
             ... on level 1 of the Orcish Mines on Jan 8, 2023.
             The game lasted 02:18:44 (25081 turns).

tkbsonic5 the Fighter (Palentonga Berserker)       Turns: 25081, Time: 02:18:46

HP:   -11/127 (133) AC: 38    Str: 23    XL:     15   Next: 96%
MP:   15/15         EV:  6    Int:  8    God:    Trog [*****.]
Gold: 899           SH:  0    Dex: 17    Spells: 14/14 levels left

rFire    . . .     SeeInvis +   V - +2 bardiche (vamp)
rCold    . . .     Faith    .   (shield currently unavailable)
rNeg     . . .     Spirit   .   r - +4 plate armour {rPois}
rPois    +         Reflect  .   K - +0 helmet
rElec    .         Harm     .   g - +2 cloak
rCorr    .         Rampage  .   i - +2 pair of gloves
Will     +....                  I - +0 barding {Fly}
Stlth    ..........             l - amulet of regeneration
HPRegen  0.71/turn              q - +6 ring of dexterity
MPRegen  0.14/turn              L - ring of poison resistance

@: about to teleport, berserk cooldown, flying, slowed, studying 2 skills,
lightly drained, curled up, very slow
A: large, hooves 2, rugged brown scales 3, see invisible, deformed body, frail
1, weak 1, roll 1, armoured tail, reflexive curl
a: Rolling Charge, Stop Flying, Renounce Religion, Berserk, Trog's Hand,
Brothers in Arms


You were on level 1 of the Orcish Mines.
You worshipped Trog.
Trog was extremely pleased with you.
You visited 3 branches of the dungeon, and saw 23 of its levels.
You also visited: Ossuary.

You collected 2392 gold pieces.
You spent 1493 gold pieces at shops.

Inventory:

Hand Weapons
 k - a +1 longbow of flaming
 t - the +7 flail of the Unspeakable One {elec, rElec rN+ Str+2}
   (You found it on level 6 of the Lair of Beasts)

   Occasionally, upon striking a foe, it can discharge electrical energy and
   cause terrible harm.
   It affects your strength (+2).
   It insulates you from electricity.
   It protects you from negative energy.
 F - a +9 vorpal halberd
 N - a +6 war axe of flaming
 R - a +3 triple crossbow of freezing
 V - a +2 vampiric bardiche (weapon)
 X - the +6 flail of Beastly Expedience {speed, rF+ rN+ Dex+3}
   (You found it on level 13 of the Dungeon)

   Attacks with this weapon are significantly faster.
   It affects your dexterity (+3).
   It protects you from fire.
   It protects you from negative energy.
Missiles
 h - 172 poisoned darts
 o - 8 javelins
 p - 7 silver javelins
 s - 544 arrows
 B - 21 atropa-tipped darts
 J - 19 curare-tipped darts
 S - 53 bolts
Armour
 g - a +2 cloak (worn)
 i - a +2 pair of gloves (worn)
 r - a +4 plate armour of poison resistance (worn)
 I - a +0 barding of flying (worn)
 K - a +0 helmet (worn)
 W - a +2 plate armour of willpower
Jewellery
 l - an amulet of regeneration (around neck)
 m - an uncursed ring of positive energy
 q - a +6 ring of dexterity (left hand)
 w - a +4 ring of protection
 C - an uncursed ring of positive energy
 L - a ring of poison resistance (right hand)
 O - an uncursed amulet of guardian spirit
 T - an uncursed ring of protection from cold {unknown}
Wands
 c - a wand of random effects (48)
 v - a wand of acid (8)
 y - a wand of polymorph (5)
 M - a wand of iceblast (18)
 Q - a wand of flame (18)
 U - a wand of digging (2)
Scrolls
 e - 5 scrolls of teleportation
 f - 2 scrolls of fog
 j - 12 scrolls of remove curse
Potions
 b - 6 potions of berserk rage
 d - a potion of resistance
 n - 6 potions of curing
 x - 3 potions of lignification
 z - 2 potions of cancellation
 A - 2 potions of ambrosia
 H - 3 potions of might
Books
 D - a manual of Unarmed Combat
 P - a manual of Fighting
Miscellaneous
 E - a phantom mirror (inert)
 G - a box of beasts (inert)


   Skills:
 * Level 14.2 Fighting
 - Level 5.4(10.2) Axes
 - Level 1.1(5.5) Maces & Flails
 * Level 12.1(13.0) Polearms
 - Level 6.5(10.8) Staves
 - Level 6.3 Bows
 * Level 4.1 Crossbows
 * Level 10.4 Armour
 + Level 6.2 Dodging
 - Level 2.0 Shields
 + Level 10.9 Unarmed Combat
 + Level 9.1 Evocations


You had 14 spell levels left.
You didn't know any spells.
Your spell library was empty.

Dungeon Overview and Level Annotations

Branches:
Dungeon (15/15)            Temple (0/1) D:4            Lair (6/6) D:9
  Swamp (0/4) Lair:2        Snake (0/4) Lair:3        Slime (0/5) Lair:6
    Orc (2/2) D:9          Vaults (0/5) D:14         Depths (0/5) D:15
Ossuary (visited)
    Elf: Orc:2

Altars:
Ashenzari
Cheibriados
Dithmenos
Fedhas
Gozag
Kikubaaqudgha
Makhleb
Qazlal
Ru
Trog
Wu Jian
Xom
The Shining One
Jiyva

Shops:
D:4 }?:=?   D:5 [[[   D:12 (   D:13 [(:

Portals:
Bailey: Orc:1

Annotations:
D:12 3 runed translucent doors, BiteMe's ghost, journeyman DrCj
Lair:4 3 runed translucent doors, osinmv's ghost, journeyman DEEE
Lair:6 1 runed translucent door, tkbsonic5's ghost, journeyman KoFi


Innate Abilities, Weirdness & Mutations

You are completely covered in rugged brown scales. (AC +3, +7% HP)
You have supernaturally acute eyesight. (SInv)
Armour fits poorly on your strangely shaped body.
You can roll at nearby foes to attack.
You have a long armoured tail.
You curl defensively after being hit.
You have hoof-like feet.
You are frail. (-10% HP)
You are weak. (Str -2)


Message History

The two-headed ogre hits you with a +0 giant club.
* * * LOW HITPOINT WARNING * * *
The two-headed ogre hits you but does no damage.
The orc warlord roars a battlecry!
The orc wizard goes into a battle-frenzy!
Your orc warlord hits the two-headed ogre with a +3 great mace of draining!
The orc wizard hits you but does no damage.
You are electrocuted!
* * * LOW HITPOINT WARNING * * *
The two-headed ogre hits you with a +0 giant spiked club!
* * * LOW HITPOINT WARNING * * *
The two-headed ogre hits you but does no damage.
The troll bites you!
* * * LOW HITPOINT WARNING * * *
The troll claws you but does no damage. The troll barely misses you.
The goblin throws a boomerang.
The boomerang hits you but does no damage.
The weapon returns to the goblin!
The orc warlord hits you with a +3 great mace of draining!
You die...

.#..........##
....≈≈≈≈≈....
....≈...≈.#.
....≈>∩.≈..##
....≈.gg≈...#
....≈≈g≈≈..##
.....goTO..$#
.......@..$.#
......Oo....#
.......o.......
..............#
...............
.....#.........
......#.....>..
...............


You could see an orc warlord, 2 two-headed ogres, a troll, an orc wizard
(strong), 4 goblins and a friendly orc warlord (summoned, drained).

Vanquished Creatures
  Jorgrun (D:12)
  Rupert (D:13)
  Frances (D:12)
  A stone giant (Orc:2)
  Nessos (Lair:4)
  5 vault guards (D:14)
  4 boulder beetles
  4 catoblepae
  8 hydras
  2 centaur warriors
  A death knight (D:12)
  Erica (D:10)
  7 death yaks (Lair:6)
  3 tengu warriors (D:15)
  9 two-headed ogres
  An orc high priest (Orc:2)
  Urug (Lair:1)
  An unseen horror (D:8)
  A wizard (D:15)
  A deep elf mage (D:14)
  A cyclops (D:14)
  4 manticores
  9 ugly things
  3 orc sorcerers
  9 elephants
  6 black mambas
  Joseph (Lair:1)
  Psyche (D:8)
  Maggie (Lair:1)
  2 torpor snails
  6 gargoyles
  8 cane toads
  12 rime drakes
  2 ice devils (Lair:3)
  8 komodo dragons
  2 tengu conjurers
  A polar bear (Lair:5)
  9 trolls
  8 blink frogs
  Prince Ribbit (D:6)
  3 hornets
  27 dream sheep
  6 slime creatures
  A spriggan (Lair:5)
  2 shadows (D:13)
  A vampire (D:13)
  54 yaks
  2 wraiths
  8 basilisks
  A fire elemental (D:13)
  2 wyverns
  Menkaure (D:4)
  2 vampire mosquitoes (D:13)
  4 nagas (Lair:3)
  4 swamp worms (Lair:2)
  A warg (Orc:2)
  Edmund (D:4)
  2 soldier ants (D:8)
  19 water moccasins
  3 hell hounds (D:13)
  6 ice beasts
  3 black bears
  2 eyes of draining
  13 orc warriors
  4 phantoms
  A necrophage (D:10)
  4 sky beasts
  6 wolves
  16 ogres
  16 centaurs
  5 big kobolds
  18 bullfrogs
  A gnoll sergeant (D:5)
  2 wyvern zombies
  A wyvern skeleton (D:6)
  20 killer bees
  3 wights (D:15)
  2 howler monkeys
  3 vampire bats (D:2)
  A bullfrog zombie (D:11)
  10 hounds
  3 centaur zombies
  5 jellies
  A bullfrog skeleton (D:5)
  13 orc priests
  2 human zombies (Ossuary)
  7 centaur skeletons
  Terence (D:2)
  7 iguanas
  17 orc wizards
  5 hell rats
  8 worker ants
  2 mummies (Ossuary)
  A hound skeleton (D:6)
  Robin (D:3)
  11 gnolls
  13 adders
  A howler monkey skeleton (D:4)
  7 river rats (Lair:4)
  An ufetubus (D:7)
  An ooze (D:4)
  An adder zombie (D:6)
  3 worms
  A dart slug (D:1)
  5 leopard geckos
  87 orcs
  7 bats
  4 bat skeletons (D:2)
  2 bat zombies (D:2)
  6 giant cockroaches
  11 hobgoblins
  13 jackals
  8 quokkas
  A ball python (D:4)
  6 frilled lizards
  11 goblins
  6 hobgoblin zombies (Ossuary)
  4 jackal zombies
  27 kobolds
  12 kobold zombies (Ossuary)
  A leopard gecko skeleton (D:6)
  7 orc zombies (Ossuary)
  9 rats
  4 rat zombies (Ossuary)
772 creatures vanquished.

Vanquished Creatures (collateral kills)
  Azrael (D:13)
  An ettin (Orc:2)
  A boulder beetle (D:11)
  2 two-headed ogres
  An ogre mage (D:15)
  Sonja (D:13)
  The ghost of CoveEight the Slicer, a novice SpBr of Fedhas (D:10)
  The ghost of lake5 the Digger, a novice GrEE of Vehumet (D:6)
  A deep elf mage (D:15)
  An orc sorcerer (Orc:2)
  4 elephants (Lair:6)
  A black mamba (Lair:6)
  2 cane toads (Lair:6)
  A gargoyle (D:13)
  2 rime drakes (Lair:6)
  A troll (D:9)
  A hornet (D:9)
  A blink frog (Lair:1)
  A dream sheep (Lair:6)
  A vampire (D:9)
  2 basilisks (Lair:6)
  6 yaks (Lair:6)
  2 hell hounds (D:13)
  A water moccasin (Lair:1)
  An orc warrior (Orc:2)
  A sky beast (D:8)
  4 ogres
  A big kobold (D:13)
  2 jellies
  2 orc priests
  3 orc wizards
  A gnoll shaman (D:9)
  2 hell rats (Lair:6)
  A gnoll (D:9)
  A river rat (Lair:4)
  8 orcs
  4 kobolds
68 creatures vanquished.

Vanquished Creatures (others)
  A killer bee (D:12)
  An orc (D:14)
  26 fungi
  54 plants
  2 withered plants (D:6)
84 creatures vanquished.

Grand Total: 924 creatures vanquished

Notes
Turn   | Place    | Note
-------+----------+-------------------------------------------
     0 | D:1      | tkbsonic5 the Palentonga Berserker began the quest for the
                  | Orb.
     0 | D:1      | Reached XP level 1. HP: 20/20 MP: 1/1
   179 | D:1      | Reached XP level 2. HP: 27/27 MP: 2/2
   488 | D:1      | Gained mutation: You are dopey. (Int -2) [potion of
                  | mutation]
   488 | D:1      | Lost mutation: You are dopey. (Int -2) [potion of mutation]
   488 | D:1      | Gained mutation: Your muscles are strong. (Str +2) [potion
                  | of mutation]
   495 | D:1      | Reached ** piety under Trog
   553 | D:1      | Reached XP level 3. HP: 33/33 MP: 3/3
  1049 | D:2      | Noticed Terence
  1073 | D:2      | Killed Terence
  1074 | D:2      | Reached XP level 4. HP: 42/42 MP: 4/4
  1212 | D:2      | Reached skill level 1 in Shields
  1245 | D:2      | Found an ancient bone altar of Kikubaaqudgha.
  1262 | D:2      | Reached skill level 4 in Fighting
  1262 | D:2      | Reached XP level 5. HP: 48/49 MP: 5/5
  1265 | D:2      | Reached skill level 5 in Axes
  1563 | D:3      | Found a bloodstained altar of Trog.
  1809 | D:3      | Noticed Robin
  1818 | D:3      | Killed Robin
  1819 | D:3      | Reached *** piety under Trog
  2031 | D:3      | Reached XP level 6. HP: 55/55 MP: 6/6
  2421 | D:4      | Noticed Edmund
  2435 | D:4      | Reached skill level 1 in Polearms
  2437 | D:4      | Killed Edmund
  2441 | D:4      | Gained mutation: You curl defensively after being hit.
                  | [Palentonga growth]
  2441 | D:4      | Reached XP level 7. HP: 43/64 MP: 7/7
  2457 | D:4      | Reached skill level 5 in Fighting
  2534 | D:4      | Found a staircase to the Ecumenical Temple.
  2572 | D:4      | Found Xebe's Magic Scroll Shoppe.
  2572 | D:4      | Noticed Menkaure
  2583 | D:4      | Killed Menkaure
  2627 | D:4      | Bought a scroll of enchant armour for 82 gold pieces
  2627 | D:4      | Bought a scroll of enchant armour for 82 gold pieces
  2627 | D:4      | Bought a scroll of magic mapping for 38 gold pieces
  2735 | D:4      | Found Ihudiesm's Jewellery Boutique.
  2751 | D:4      | Found a broken altar of Ashenzari.
  2787 | D:4      | Found Hioty's Book Boutique.
  2809 | D:4      | Found Daduatos's Magic Scroll Boutique.
  2814 | D:4      | Bought a scroll of identify for 22 gold pieces
  2885 | D:4      | Found Zagg's Gadget Emporium.
  3176 | D:5      | Entered Level 5 of the Dungeon
  3627 | D:5      | Found Juxegokh's Armour Boutique.
  3630 | D:5      | Reached skill level 5 in Polearms
  3630 | D:5      | Reached XP level 8. HP: 61/74 MP: 8/8
  3635 | D:5      | Reached skill level 6 in Fighting
  3754 | D:5      | Found a shadowy altar of Dithmenos.
  3844 | D:5      | Found Tirphaf's Armour Emporium.
  3882 | D:5      | Found Gados's Antique Armour Shoppe.
  3990 | D:5      | Found an ornate altar of the Wu Jian Council.
  4610 | D:5      | Found a snail-covered altar of Cheibriados.
  4610 | D:5      | Found a burning altar of Makhleb.
  4661 | D:6      | Found a sand-covered staircase.
  4718 | Ossuary  | Entered an ossuary
  4726 | Ossuary  | Reached **** piety under Trog
  4734 | Ossuary  | Reached skill level 1 in Staves
  4980 | D:6      | Found a glowing golden altar of the Shining One.
  5047 | D:6      | Reached ***** piety under Trog
  5048 | D:6      | Reached skill level 1 in Evocations
  5266 | D:6      | Noticed Prince Ribbit
  5280 | D:6      | Killed Prince Ribbit
  5281 | D:6      | Reached skill level 7 in Fighting
  5281 | D:6      | Reached XP level 9. HP: 69/84 MP: 9/9
  5510 | D:6      | Paralysed by a hornet for 2 turns
  5818 | D:6      | Found an opulent altar of Gozag.
  6342 | D:6      | Found a runed translucent door.
  6342 | D:6      | Noticed lake5's ghost (novice GrEE)
  6507 | D:6      | Killed lake5's ghost
  6820 | D:7      | Reached skill level 8 in Fighting
  6889 | D:7      | Reached skill level 1 in Unarmed Combat
  7354 | D:7      | Reached skill level 5 in Staves
  7457 | D:8      | Reached XP level 10. HP: 77/95 MP: 10/10
  7582 | D:8      | Lost mutation: Your muscles are strong. (Str +2) [potion of
                  | mutation]
  7582 | D:8      | Gained mutation: You have large cloven feet. [potion of
                  | mutation]
  7582 | D:8      | Gained mutation: You are weak. (Str -2) [potion of
                  | mutation]
  7582 | D:8      | Gained mutation: You are frail. (-10% HP) [potion of
                  | mutation]
  7582 | D:8      | Gained mutation: You have hoof-like feet. [potion of
                  | mutation]
  7650 | D:8      | Noticed a two-headed ogre
  7658 | D:8      | Killed a two-headed ogre
  7891 | D:8      | Found a blossoming altar of Fedhas.
  8090 | D:8      | Noticed an unseen horror
  8096 | D:8      | Killed an unseen horror
  8097 | D:8      | Reached skill level 5 in Armour
  8126 | D:8      | Noticed Psyche
  8129 | D:8      | Killed Psyche
  8783 | D:8      | Reached skill level 9 in Fighting
  9013 | D:9      | Found a staircase to the Orcish Mines.
  9048 | D:9      | Received a gift from Trog
  9058 | D:9      | Found a sacrificial altar of Ru.
  9221 | D:9      | Found a stormy altar of Qazlal.
  9341 | D:9      | Found a staircase to the Lair.
  9854 | D:10     | Entered Level 10 of the Dungeon
  9928 | D:10     | Noticed Erica
  9938 | D:10     | Killed Erica
  9939 | D:10     | Reached XP level 11. HP: 92/94 MP: 11/11
 10353 | D:10     | Found a runed translucent door.
 10353 | D:10     | Noticed CoveEight's ghost (novice SpBr)
 10795 | D:10     | Killed CoveEight's ghost
 10848 | D:11     | Noticed a boulder beetle
 10873 | D:11     | Reached skill level 5 in Unarmed Combat
 10896 | D:11     | Killed a boulder beetle
 11017 | D:11     | Noticed a boulder beetle
 11042 | D:11     | Killed a boulder beetle
 11306 | D:11     | Noticed a green ugly thing
 11314 | D:11     | Killed a green ugly thing
 11693 | D:11     | Reached skill level 10 in Fighting
 11961 | Lair:1   | Entered Level 1 of the Lair of Beasts
 12225 | Lair:1   | Noticed Maggie
 12235 | Lair:1   | Killed Maggie
 12236 | Lair:1   | Reached skill level 1 in Bows
 12506 | Lair:1   | Noticed Urug
 12511 | Lair:1   | Killed Urug
 12789 | Lair:1   | Noticed Joseph
 12793 | Lair:1   | Killed Joseph
 12980 | Lair:1   | Reached skill level 5 in Evocations
 13323 | Lair:2   | Reached XP level 12. HP: 103/103 MP: 12/12
 13346 | Lair:2   | Noticed a six-headed hydra
 13587 | Lair:1   | Killed a six-headed hydra
 14294 | Lair:2   | Noticed a catoblepas
 14299 | Lair:2   | Killed a catoblepas
 14516 | Lair:2   | Noticed an eight-headed hydra
 14539 | Lair:2   | Killed an eight-headed hydra
 14540 | Lair:2   | Reached skill level 11 in Fighting
 14928 | Lair:2   | Noticed a five-headed hydra
 14935 | Lair:2   | Killed a five-headed hydra
 15003 | Lair:2   | Noticed a six-headed hydra
 15012 | Lair:2   | Killed a six-headed hydra
 15180 | Lair:2   | Found a staircase to the Swamp.
 15790 | D:5      | Bought a glowing plate armour for 754 gold pieces
 16121 | Lair:3   | Found a staircase to the Snake Pit.
 16188 | Lair:3   | You fall into a shaft and drop 2 floors!
 16190 | Lair:5   | Noticed a seven-headed hydra
 16200 | Lair:5   | Killed a seven-headed hydra
 16221 | Lair:5   | Reached XP level 13. HP: 98/112 MP: 13/13
 16738 | Lair:3   | Reached skill level 10 in Polearms
 17146 | Lair:4   | Noticed Nessos
 17159 | Lair:4   | Killed Nessos
 17257 | Lair:4   | Found a runed translucent gate.
 17257 | Lair:4   | Found a runed translucent gate.
 17257 | Lair:4   | Found a runed translucent gate.
 17725 | Lair:4   | Noticed osinmv's ghost (journeyman DEEE)
 18044 | Lair:5   | You are sucked into a shaft and drop 1 floor!
 18044 | Lair:6   | Entered Level 6 of the Lair of Beasts
 18147 | Lair:6   | Reached skill level 5 in Bows
 18419 | Lair:5   | Reached skill level 12 in Fighting
 18450 | Lair:5   | Reached XP level 14. HP: 122/122 MP: 14/14
 19598 | Lair:6   | Found a viscous altar of Jiyva.
 19601 | Lair:6   | Found a staircase to the Slime Pits.
 19662 | Lair:6   | Found a runed translucent door.
 19668 | Lair:6   | Noticed tkbsonic5's ghost (journeyman KoFi)
 19770 | Lair:6   | Received a gift from Trog
 19898 | Lair:6   | Reached skill level 5 in Dodging
 20054 | Lair:6   | Got an ichor-stained flail
 20062 | Lair:6   | Identified the +7 flail of the Unspeakable One {elec, rElec
                  | rN+ Str+2} (You found it on level 6 of the Lair of Beasts)
 20529 | D:12     | Found a runed translucent gate.
 20529 | D:12     | Found a runed translucent gate.
 20529 | D:12     | Found a runed translucent gate.
 20531 | D:12     | Noticed BiteMe's ghost (journeyman DrCj)
 20620 | D:12     | Noticed Frances
 20641 | D:12     | Killed Frances
 20736 | D:12     | Noticed Jorgrun
 20765 | D:12     | Killed Jorgrun
 20829 | D:12     | Identified a scroll of acquirement
 20829 | D:12     | Acquired a manual of Fighting
 20973 | D:12     | Found a shimmering altar of Xom.
 20999 | D:12     | Found a shimmering altar of Xom.
 21001 | D:12     | Found a shimmering altar of Xom.
 21003 | D:12     | Found a shimmering altar of Xom.
 21111 | D:12     | Found Xiynk's Weapon Emporium.
 21189 | D:13     | Found Xevu's Weapon Shoppe.
 21197 | D:13     | Bought a +2 vorpal triple crossbow for 432 gold pieces
 21197 | D:13     | Bought 26 bolts for 83 gold pieces
 21271 | D:13     | Noticed Rupert
 21283 | D:13     | Killed Rupert
 21426 | D:13     | Found Ulown's Armour Emporium.
 21585 | D:13     | Reached XP level 15. HP: 99/129 MP: 15/15
 21585 | D:13     | Noticed Sonja
 21590 | D:13     | Noticed Azrael
 21594 | D:13     | Killed Azrael
 21595 | D:13     | Reached skill level 1 in Crossbows
 21595 | D:13     | Killed Sonja
 21630 | D:13     | Reached skill level 13 in Fighting
 21633 | D:13     | Reached skill level 10 in Unarmed Combat
 21795 | D:13     | Found Cunukyl's Book Shoppe.
 21831 | D:13     | Got a glimmering flail
 21832 | D:13     | Identified the +6 flail of Beastly Expedience {speed, rF+
                  | rN+ Dex+3} (You found it on level 13 of the Dungeon)
 22904 | D:14     | Reached skill level 10 in Armour
 22934 | D:14     | Received a gift from Trog
 23419 | D:14     | Found a gate to the Vaults.
 23522 | D:15     | Entered Level 15 of the Dungeon
 23591 | D:15     | Reached skill level 1 in Maces & Flails
 24363 | D:15     | Paralysed by an orc sorcerer for 6 turns
 24379 | D:15     | Reached skill level 14 in Fighting
 24396 | D:15     | Found a staircase to the Depths.
 24599 | Orc:1    | Entered Level 1 of the Orcish Mines
 24729 | Orc:2    | Entered Level 2 of the Orcish Mines
 25048 | Orc:2    | Received a gift from Trog
 25065 | Orc:2    | Noticed an orc warlord
 25078 | Orc:1    | Found a flagged portal.
 25081 | Orc:1    | HP: 3/127 [troll (8)]
 25081 | Orc:1    | Mangled by an orc warlord

Illustrated notes

Levels and vault maps discovered:
D:1:      dpeg_arrival_concentric_ovals, layout_loops_ring, minmay_unequal
D:2:      layout_rooms, kennysheep_vampire_church, uniq_terence
D:3:      layout_loops_ring, bloody_trog, uniq_robin
D:4:      layout_loops_ring, cheibrodos_ashenzari_chains,
          minmay_temple_entry_enclosed_plants, serial_shops,
          nicolae_shop_waterfront, nicolae_shop_behind_doors, shop, shop,
          shop_fountains, palyth_stone_intersect, grunt_ministairs_10,
          hex_medium, uniq_edmund, uniq_menkaure
D:5:      layout_gridville, nzn_wu_jian_contemplation, kennysheep_mini_moat,
          gammafunk_temple_overflow_elements, serial_shops, shop_fountains,
          nicolae_shop_trees, shop, serial_co_window_serial, co_window_paths_a,
          co_window_paths_a, co_window_corner_a, co_window_corner_a,
          co_window_paths_b, co_window_unsneaky_path_e,
          co_window_unsneaky_path_d, co_window_corner_cb, co_window_sun,
          glass_columns_c, glass_columns_c, glass_columns_b, glass_columns_a
D:6:      minmay_clustersquares, layout_basic, marbit_many_paths,
          grunt_gozag_statues, nicolae_ossuary_entry_plus,
          gammafunk_ghost_grave, minmay_manual_mess, uniq_prince_ribbit1
D:7:      layout_rooms
D:8:      layout_cave_pools, lemuel_doored_altar, hangedman_pestilent_swarm,
          uniq_psyche
D:9:      layout_loops_ring, kennysheep_little_box,
          nicolae_ru_sacrificial_ziggurat, lair_entry_dummy, hiddenorc2_lemuel
D:10:     layout_irregular_city, gammafunk_ghost_grave, uniq_erica
D:11:     layout_roguey
D:12:     layout_rooms, serial_shops, nicolae_shop_statue_plus,
          maelrawn_ghost_gauntlet_escape, xom_redecorated, uniq_frances,
          uniq_jorgrun
D:13:     layout_irregular_city, serial_shops, shop, shop, nicolae_shop_trees,
          uniq_sonja, uniq_rupert, uniq_azrael
D:14:     layout_big_octagon, grunt_vaults_entry_fortified, chequers_arboretum
D:15:     grunt_enter_depths_magical_seal, layout_loops_ring,
          gauntlet_entry_generic
Lair:1:   layout_loops_ring, uniq_urug, uniq_maggie, uniq_joseph
Lair:2:   layout_cave_pods, palyth_hydra_swamp_entry
Lair:3:   layout_cave_pods, guppyfry_snake_entry_island,
          portal_ice_cave_demonic_guard, beast_lair_carwin_4, grunt_megastairs_3
Lair:4:   layout_regular_city, gammafunk_ghost_icy, kennysheep_rathole,
          uniq_nessos
Lair:5:   layout_hall_layers, grunt_forest_stairs_clearing
Lair:6:   evilmike_catoblepas_cave, layout_long_grid, slime_altar_1,
          ebering_ghost_inner_flame, special_room [special_room_mythical_zoo],
          grunt_megastairs_1
Orc:1:    layout_caves, enter_bailey_5, lightli_church_of_beogh
Orc:2:    st_orc_open, layout_caves

Skill      XL: |  1  2  3  4  5  6  7  8  9 10 11 12 13 14 15 |
---------------+----------------------------------------------+-----
Axes           | 4 5 |  5.4
Shields        | 1 2 |  2.0
Fighting       | 4 5 7 8 9 10 11 12 14 | 14.2
Polearms       | 2 5 6 7 8 9 10 11 12 | 12.1
Staves         | 2 5 6 |  6.5
Armour         | 2 4 5 7 8 9 10 | 10.4
Evocations     | 1 3 4 5 6 7 8 9 |  9.1
Unarmed Combat | 1 4 5 7 9 10 | 10.9
Dodging        | 2 3 4 5 6 |  6.2
Bows           | 1 3 5 6 |  6.3
Crossbows      | 4 |  4.1
Maces & Flails | 1 |  1.1

Action                   |  1- 3 |  4- 6 |  7- 9 | 10-12 | 13-15 || total
-------------------------+-------+-------+-------+-------+-------++-------
Melee: Hand axe          |    95 |    82 |       |       |       ||   177
       Tailslap          |    13 |    11 |    58 |    53 |   185 ||   320
       Halberd           |       |    25 |   392 |   507 |   429 ||  1353
       Kick              |       |       |       |   135 |   381 ||   516
       Quarterstaff      |       |       |       |    24 |    18 ||    42
       Great mace        |       |       |       |    10 |       ||    10
       Flail             |       |       |       |       |   303 ||   303
       Punch             |       |       |       |       |    18 ||    18
       Bardiche          |       |       |       |       |   194 ||   194
       War axe           |       |       |       |       |     5 ||     5
 Fire: Shortbow          |       |       |     1 |    21 |     2 ||    24
       Arbalest          |       |       |     2 |       |       ||     2
       Longbow           |       |       |       |       |    37 ||    37
       Triple crossbow   |       |       |       |       |    71 ||    71
Throw: Throwing net      |     1 |       |       |     2 |       ||     3
       Dart              |       |       |       |     2 |       ||     2
Invok: Berserk           |     1 |     2 |     8 |    10 |    11 ||    32
       Trog's Hand       |       |     2 |     5 |    13 |     9 ||    29
       Brothers in Arms  |       |       |     1 |     7 |     9 ||    17
 Abil: Rolling Charge    |    23 |    17 |    57 |    69 |   102 ||   268
Evoke: Wand              |       |       |     4 |    39 |    22 ||    65
       Phantom mirror    |       |       |       |     2 |     3 ||     5
       Box of beasts     |       |       |       |       |     2 ||     2
  Use: Scroll            |     5 |     7 |    12 |    15 |    21 ||    60
       Potion            |     1 |     3 |     3 |     6 |    11 ||    24
 Stab: Invisible         |       |     1 |       |     1 |       ||     2
       Distracted        |       |       |     1 |       |     2 ||     3
       Petrified         |       |       |       |       |     8 ||     8
Armor: Animal skin       |     9 |       |       |       |       ||     9
       Chain mail        |    27 |    73 |   374 |   513 |       ||   987
       Ring mail         |     8 |       |       |       |       ||     8
       Plate armour      |       |       |       |    14 |  1121 ||  1135
Dodge: Dodged            |    33 |    26 |   134 |   201 |   294 ||   688
Block: Buckler           |     3 |    12 |       |       |       ||    15
